 Dungeon Crawl Stone Soup version 0.29-a0-473-gacb4ef3bc5 (webtiles) character file.

Game seed: 13718844099633712875

50 CrazyBamboolord the Ducker (level 3, -2/17 HPs)
             Began as a Felid Monk on May 23, 2022.
             Killed from afar by Sigmund (10 damage)
             ... with a puff of flame
             ... on level 2 of the Dungeon.
             The game lasted 00:01:37 (1241 turns).

CrazyBamboolord the Ducker (Felid Monk)             Turns: 1241, Time: 00:01:38

Health: -2/17      AC:  1    Str:  7    XL:     3   Next: 55%
Magic:  4/4        EV: 19    Int: 11    God:
Gold:   84         SH:  0    Dex: 20    Spells: 2/2 levels left
                                        Lives:  0   Deaths: 0

rFire   . . .      SeeInvis +     - Unarmed
rCold   . . .      Faith    .   (shield unavailable)
rNeg    . . .      Spirit   .   (body armour unavailable)
rPois   .          Reflect  .   (helmet unavailable)
rElec   .          Harm     .   (cloak unavailable)
rCorr   .          Rampage  .   (gloves unavailable)
Will    .....                   (boots unavailable)
Stlth   +++.......              (no amulet)
HPRegen 0.05/turn               g - ring of flight
MPRegen 0.09/turn               (no ring)

@: flying, quick
A: very small, claws 1, fangs 3, see invisible, speed 1, shaggy fur 1, stealthy
paws, no weapons or thrown items, no armour, multi-lived, noise suppression
a: no special abilities


You were on level 2 of the Dungeon.
You visited 1 branch of the dungeon, and saw 2 of its levels.

You collected 84 gold pieces.

Inventory:

Jewellery
 g - a ring of flight (left paw)
Scrolls
 d - a scroll of vulnerability
Potions
 a - a potion of ambrosia
 b - a potion of heal wounds {unknown}
 e - a potion of cancellation
 f - a potion of resistance {unknown}


   Skills:
 * Level 3.4 Fighting
 * Level 4.4 Dodging
 + Level 3.2 Stealth
 * Level 3.7 Unarmed Combat


You had 2 spell levels left.
You didn't know any spells.
Your spell library contained the following spells:

 Spells                   Type           Power      Damage    Failure   Level
 Dispersal                Tloc           0%         N/A       100%        6
 Disjunction              Tloc           0%         N/A       100%        8


Dungeon Overview and Level Annotations

Branches:
Dungeon (2/15)

Altars:

Annotations:
D:2 Sigmund


Innate Abilities, Weirdness & Mutations

You have sharp claws.
You have razor-sharp teeth.
You have supernaturally acute eyesight. (SInv)
You cover ground quickly. (Speed+)
You are covered in fur. (AC +1)
Your paws help you pounce on unaware monsters.
You are incapable of wielding weapons or throwing items.
You cannot wear armour.
You gain extra lives every three experience levels.
You passively dampen the noise of your surroundings.


Message History

You see here a ball python corpse.
Found a glowing helmet.
Found 9 gold pieces.
You scratch the rat.
You kill the rat!
No target in view!
An adder comes into view.
An adder is nearby!
An adder is nearby!
Sigmund the Dreaded comes into view.
He is wielding a +0 scythe.
The helpless adder fails to defend itself.
You mangle the adder!!
You kill the adder!
Sigmund shouts!
Sigmund says, "I'm your fate."
Sigmund casts a spell.
Sigmund flickers and vanishes for a moment.
Sigmund screams, "I am the angel of ZOT!!!"
You see here a +2 helmet.
You see here 9 gold pieces.
It was a potion of mutation.
You feel extremely strange.
You feel your surroundings grow quieter.
Sigmund misses you.
You closely miss Sigmund. You barely miss Sigmund. Sigmund closely misses you.
You scratch Sigmund. You bite Sigmund.
Sigmund is lightly wounded.
Sigmund hits you with a +0 scythe!
Ouch! That really hurt!
You scratch Sigmund. You bite Sigmund, but do no damage.
Sigmund is moderately wounded.
You closely miss Sigmund.
Sigmund is moderately wounded.
Sigmund misses you.
You see here 9 gold pieces.
Found 21 stones.
Sigmund casts a spell at you. The puff of flame hits you!
Ouch! That really hurt!
You die...

#...# #. #...# #. #...#
#. #...###### #.##
#.........
#..#######...#####.
####.#..[............
#......@.............
.....#@#...............
#......##.####...#####.
#......##.# #.†.......
......#(##.# #...######
##.........# #...##
#..#.#.#### #...†#
..... ..# #....# ### #
### ####.# ##.####


You could see Sigmund (invisible).

Vanquished Creatures
  An adder (D:2)
  A worm (D:2)
  3 dart slugs (D:1)
  2 endoplasms (D:1)
  2 giant cockroaches (D:1)
  5 goblins (D:1)
  5 kobolds (D:1)
  A quokka (D:2)
  5 ball pythons
  3 bats
  A frilled lizard (D:1)
  2 rats
31 creatures vanquished.

Notes
Turn   | Place    | Note
-------+----------+-------------------------------------------
     0 | D:1      | CrazyBamboolord the Felid Monk began the quest for the Orb.
     0 | D:1      | Reached XP level 1. HP: 10/10 MP: 2/2
   100 | D:1      | Reached XP level 2. HP: 14/14 MP: 3/3
   708 | D:1      | Found a faded altar of an unknown god.
   910 | D:1      | Reached XP level 3. HP: 17/17 MP: 4/4
  1216 | D:2      | Noticed Sigmund
  1230 | D:2      | Gained mutation: You passively dampen the noise of your
                  | surroundings. [potion of mutation]
  1241 | D:2      | Killed from afar by Sigmund

Illustrated notes

Levels and vault maps discovered:
D:1:      dpeg_arrival_signposts, layout_basic, ebering_ecumenical_altar_ruins
D:2:      layout_loops_cross, uniq_sigmund

Skill      XL: |  1  2 |
---------------+-------+-----
Stealth        | 3 |  3.2
Fighting       | |  3.4
Dodging        | |  4.4
Unarmed Combat | |  3.7

Action                   || total
-------------------------++-------
Melee: Unarmed           ||    76
       Bite              ||     8
       Punch             ||     1
  Use: Scroll            ||     2
       Potion            ||     1
 Stab: Sleeping          ||     9
Armor: Skin              ||     4
Dodge: Dodged            ||    45

Table legend: (Time is in decaauts)
 A = Elapsed time spent in this place.
 B = Non-inter-level travel time spent in this place.
 C = Inter-level travel time spent in this place.
 D = Time resting spent in this place.
 E = Time spent auto-exploring this place.
 F = Levels seen in this place.
 G = Mean time per level.
                   A        B        C        D        E       F      G
               +--------+--------+--------+--------+--------+-----+--------+
         Total |   1050 |   1014 |     36 |      0 |    811 |   2 |  525.0 |
       Dungeon |   1050 |   1014 |     36 |      0 |    811 |   2 |  525.0 |
               +--------+--------+--------+--------+--------+-----+--------+

Top non-repeatable levels by time:
     D:1: 942 daAuts
     D:2: 108 daAuts
